Map: Oxide LE

Players

Semper

  • Race: Terran Terran

PureLegacy - Winner!

  • Race: Terran Terran

Event: DreamHack SC2 Masters 2021 Winter

VOD

Have the link to the VOD?

Description

Time

  • Played on: Oct. 10, 2021, 5:02 p.m.
  • Length: 12:17

All games in this series

Show
View Real Time Build Order
Export as new Build Order

Semper Terran 

Build Orders:  

Get SALT Encoding   

  12  0:00  SCV  
  13  0:12  SCV  
  14  0:16  Supply Depot  
  14  0:24  SCV  
  15  0:38  SCV  
  15  0:39  Barracks  
  16  0:44  Refinery  
  16  0:50  SCV  
  17  1:00  Refinery  
  17  1:02  SCV  
  18  1:14  SCV  
  19  1:26  Orbital Command  
  19  1:27  Reaper  
  19  1:29  Supply Depot  
  20  1:45  Factory  
  20  1:52  SCV  
  21  1:59  Reaper  
  22  2:04  SCV  
  23  2:15  Command Center  
  23  2:18  SCV  
  24  2:30  Hellion  
  24  2:35  Starport, SCV  
  27  2:38  Barracks Reactor  
  27  2:45  Supply Depot  
  27  2:48  SCV  
  28  2:56  Factory Tech Lab  
  28  3:00  SCV  
  29  3:13  SCV  
  29  3:14  Siege Tank, Marine x2  
  35  3:24  Medivac  
  35  3:25  SCV  
  38  3:28  Refinery  
  38  3:30  Orbital Command  
  38  3:32  Marine  
  38  3:34  Marine  
  40  3:39  SCV  
  41  3:50  Marine, Cyclone  
  41  3:51  Marine  
  46  3:55  Starport Tech Lab  
  46  3:57  SCV  
  46  3:58  SCV  
  48  4:03  Supply Depot  
  48  4:08  Marine  
  48  4:09  Marine  
  50  4:10  SCV  
  50  4:16  SCV  
  52  4:22  SCV  
  53  4:28  Marine  
  53  4:29  Marine  
  50  4:36  Raven  
  50  4:37  Siege Tank  
  55  4:39  SCV  
  55  4:40  SCV  
  55  4:43  Supply Depot x2  
  57  4:46  Marine x2  
  57  4:51  SCV  
  60  4:56  SCV  
  61  5:01  Command Center  
  61  5:03  SCV  
  61  5:04  Marine x2  
  64  5:08  SCV  
  64  5:09  Siege Tank  
  68  5:17  SCV  
  69  5:22  Supply Depot  
  69  5:28  SCV  
  70  5:32  Viking x2  
  70  5:33  Marine  
  70  5:34  Stimpack  
  75  5:36  SCV  
  75  5:38  Refinery  
  76  5:43  SCV, Siege Tank  
  76  5:49  Supply Depot  
  80  5:50  Supply Depot, SCV  
  80  5:53  Marine  
  81  5:58  SCV  
  81  6:03  Viking x2  
  86  6:09  Barracks  
  86  6:10  Barracks  
  86  6:12  SCV x2  
  89  6:22  Siege Tank  
  89  6:23  Marine, Orbital Command  
  91  6:30  SCV  
  92  6:34  Viking  
  92  6:38  SCV  
  95  6:44  Marauder, SCV  
  93  6:52  Orbital Command  
  90  6:55  SCV  
  90  6:57  Engineering Bay  
  90  6:58  Barracks Reactor, Barracks Tech Lab  
  90  6:59  Engineering Bay  
  91  7:09  SCV, Viking x2  
  91  7:14  Marauder, Siege Tank  
  101  7:18  SCV x2  
  101  7:19  Starport  
  101  7:22  SCV  
  104  7:30  SCV  
  104  7:33  Combat Shield  
  104  7:35  Concussive Shells, Marine  
  104  7:36  Marauder x2  
  109  7:44  SCV  
  109  7:46  Siege Tank  
  109  7:54  SCV x2  
  109  7:57  Viking  
  109  7:58  Viking  
  112  7:59  SCV  
  112  8:00  Refinery  
  112  8:01  Refinery  
  112  8:02  Starport Reactor  
  112  8:06  SCV x2  
  112  8:10  Marauder, Marine x2  
  117  8:15  Supply Depot  
  117  8:16  Supply Depot  
  117  8:17  SCV  
  117  8:18  SCV  
  117  8:19  SCV, Command Center  
  120  8:27  Siege Tank  
  120  8:28  Marine  
  120  8:29  SCV  
  125  8:37  Viking x2  
  129  8:41  Supply Depot  
  129  8:42  Supply Depot  
  129  8:44  Terran Infantry Weapons Level 1  
  129  8:45  Terran Infantry Armor Level 1  
  129  8:46  SCV  
  129  8:48  SCV  
  130  8:49  SCV  
  131  8:58  SCV  
  131  9:00  SCV  
  131  9:02  SCV  
  133  9:03  Marine x2  
  133  9:04  Marauder  
  136  9:10  SCV, Marine  
  136  9:12  SCV  
  136  9:14  SCV  
  136  9:15  Siege Tank  
  142  9:18  Viking  
  142  9:21  Marine  
  142  9:22  Armory  
  142  9:24  SCV x2  
  146  9:25  Marauder  
  146  9:30  SCV  
  146  9:31  Marauder, Marine  
  153  9:34  Viking  
  153  9:36  Planetary Fortress  
  155  9:44  SCV  
  155  9:48  SCV  
  155  9:51  Missile Turret  
  155  9:52  Siege Tank  
  159  9:54  SCV  
  159  9:55  Factory, Viking  
  159  9:58  Command Center  
  162  10:00  Armory  
  131  10:14  Marine  
  131  10:15  Marauder, Viking  
  131  10:16  Viking x2  
  131  10:21  SCV x3  
  143  10:23  Terran Ship Weapons Level 1  
  143  10:24  SCV, Siege Tank  
  143  10:25  Refinery, Viking  
  143  10:26  Refinery  
  143  10:28  Marine x2  
  150  10:30  Supply Depot  
  150  10:33  Marine  
  149  10:36  Marauder  
  148  10:45  Viking, Marine  
  148  10:46  Marauder  
  153  10:52  Marine  
  153  10:54  Factory Tech Lab  
  153  10:56  Siege Tank  
  154  10:58  Marauder  
  154  11:03  Marine  
  138  11:07  Marine  
  138  11:09  Viking x3, Marine  
  142  11:13  Siege Tank  
  142  11:15  Viking  
  142  11:16  SCV x2  
  142  11:17  Sensor Tower  
  149  11:19  Marine  
  149  11:21  Marine  
  149  11:23  Missile Turret  
  149  11:25  Marine  
  152  11:27  Marine  
  152  11:32  Siege Tank  
  155  11:37  Marauder  
  155  11:39  Viking x3  
  163  11:45  Viking  
  132  11:59  Marine x2  
  132  12:00  SCV  
  116  12:04  SCV x2  
Show
View Real Time Build Order
Export as new Build Order

PureLegacy Terran - Winner!

Build Orders: Mech 

Get SALT Encoding   

  12  0:00  SCV  
  13  0:13  SCV  
  14  0:17  Supply Depot  
  14  0:25  SCV  
  15  0:39  SCV  
  15  0:40  Barracks  
  16  0:44  Refinery  
  16  0:51  SCV  
  16  0:54  Refinery  
  17  1:03  SCV  
  18  1:15  SCV  
  19  1:27  Reaper  
  19  1:29  Supply Depot, Orbital Command  
  20  1:44  Factory  
  20  1:55  SCV  
  20  1:59  Reaper  
  22  2:07  SCV  
  23  2:19  SCV  
  24  2:23  Command Center  
  24  2:31  Hellion, SCV  
  24  2:33  Barracks Reactor  
  27  2:38  Supply Depot  
  27  2:43  SCV  
  28  2:50  Starport  
  28  2:52  Factory Tech Lab  
  28  2:57  SCV  
  29  3:08  Marine x2  
  29  3:10  SCV  
  32  3:14  Siege Tank  
  35  3:22  SCV  
  35  3:26  Marine x2  
  38  3:34  SCV  
  38  3:35  Medivac, Orbital Command  
  41  3:43  Refinery  
  41  3:46  SCV, Marine x2  
  44  3:52  Cyclone  
  47  3:57  Supply Depot  
  47  3:59  SCV  
  47  4:02  SCV  
  49  4:09  Starport Tech Lab  
  49  4:12  SCV  
  49  4:13  Marine x2  
  52  4:18  SCV  
  52  4:24  SCV  
  52  4:30  SCV  
  53  4:36  SCV  
  54  4:39  Siege Tank  
  54  4:41  Raven  
  54  4:42  SCV, Marine x2  
  54  4:43  Supply Depot  
  62  4:55  Command Center  
  62  5:02  Refinery  
  62  5:04  SCV  
  62  5:05  SCV  
  62  5:06  Supply Depot  
  64  5:11  Siege Tank  
  67  5:17  SCV x2  
  69  5:28  Factory  
  69  5:29  Supply Depot, SCV x2, Engineering Bay  
  71  5:39  Viking x2  
  71  5:41  SCV  
  71  5:42  SCV  
  77  5:51  Siege Tank  
  77  5:52  Supply Depot  
  77  5:53  SCV  
  81  5:59  SCV  
  82  6:05  SCV  
  82  6:09  Viking x2  
  87  6:13  SCV  
  87  6:17  SCV  
  89  6:19  Sensor Tower  
  89  6:22  Siege Tank  
  89  6:25  SCV, Refinery  
  93  6:26  Refinery  
  93  6:29  SCV  
  94  6:34  Siege Tank  
  94  6:37  SCV  
  98  6:46  SCV  
  99  6:54  SCV, Siege Tank, Orbital Command  
  99  6:58  SCV  
  104  7:03  Supply Depot  
  104  7:06  SCV  
  104  7:07  Siege Tank  
  108  7:09  Command Center  
  108  7:10  SCV  
  108  7:14  Supply Depot  
  109  7:22  SCV x3, Viking x2  
  116  7:25  Supply Depot  
  115  7:32  Factory  
  115  7:34  SCV x3, Siege Tank  
  115  7:36  Barracks Reactor  
  121  7:45  Starport  
  121  7:46  SCV x3  
  121  7:47  Starport  
  119  7:54  Viking x2  
  118  7:58  SCV x2  
  118  7:59  Siege Tank  
  120  8:06  Supply Depot  
  120  8:10  Armory  
  120  8:12  Siege Tank  
  120  8:23  SCV x2  
  122  8:29  Supply Depot  
  122  8:30  Viking x2  
  122  8:31  Starport Reactor x2  
  126  8:39  SCV x2  
  126  8:40  SCV  
  129  8:44  Siege Tank  
  129  8:45  Hellion x2  
  129  8:47  Supply Depot x2  
  136  8:51  SCV  
  136  8:55  SCV  
  141  9:01  SCV  
  141  9:02  Viking x2  
  143  9:05  Terran Ship Weapons Level 1  
  143  9:06  SCV, Refinery, Sensor Tower  
  143  9:08  Refinery  
  143  9:13  SCV  
  147  9:17  Hellion x2  
  147  9:18  Viking x3  
  147  9:19  Viking  
  147  9:23  SCV x2  
  155  9:24  Planetary Fortress  
  155  9:28  SCV  
  155  9:29  Missile Turret  
  155  9:36  Smart Servos  
  155  9:37  Missile Turret  
  155  9:45  Viking  
  155  9:46  Viking  
  155  9:47  SCV x2, Siege Tank  
  155  9:50  SCV  
  165  9:55  Command Center  
  151  10:11  Viking  
  151  10:13  Siege Tank  
  150  10:15  Hellion x2  
  150  10:16  Viking x4  
  150  10:19  Siege Tank  
  163  10:22  Supply Depot x2  
  163  10:26  Infernal Pre-Igniter  
  163  10:31  Viking  
  162  10:41  Viking  
  161  10:45  Siege Tank  
  161  10:46  Hellion x2, Viking x3  
  174  10:55  Factory  
  164  11:05  Viking x2  
  164  11:08  Hellion x2, Siege Tank  
  175  11:14  Viking  
  175  11:15  SCV  
  175  11:16  SCV, Viking  
  175  11:17  SCV, Command Center  
  182  11:30  Viking  
  182  11:31  Viking  
  186  11:34  Siege Tank  
  186  11:36  Hellion x2  
  193  11:42  Armory  
  179  11:53  Factory Tech Lab  

Tags
 
Add a new tag
Caveats
  • Supply blocks, unpowered buildings, or Contaminate may cause inaccurate times.
  • Supply counts are checked every 10 seconds.